 Dungeon Crawl Stone Soup version 0.29-a0-464-g50448035db (webtiles) character file.

Game seed: 15346007080595495292

4356 Bruhh the Fighter (level 10, -20/111 (115) HPs)
             Began as an Ogre Earth Elementalist on May 21, 2022.
             Was a Follower of Vehumet.
             Demolished by a phantasmal warrior (30 damage)
             ... led by a death knight
             ... on level 8 of the Dungeon.
             The game lasted 00:12:49 (9821 turns).

Bruhh the Fighter (Ogre Earth Elementalist)         Turns: 9821, Time: 00:12:49

HP:   -20/111 (115) AC:  6    Str: 14    XL:     10   Next: 34%
MP:   5/22          EV: 11    Int: 24    God:    Vehumet [*.....]
Gold: 648           SH:  0    Dex:  9    Spells: 16/25 levels left

rFire   . . .      SeeInvis .   H - +6 long sword of Donn {freeze, rC+ Int+4}
rCold   + + .      Faith    .   (no shield)
rNeg    . . .      Spirit   .   A - +2 robe {rC+}
rPois   +          Reflect  .   (helmet restricted)
rElec   .          Harm     .   a - +0 cloak "Heje" {Stlth+}
rCorr   .          Rampage  .   (gloves unavailable)
Will    .....                   (boots unavailable)
Stlth   ++........              G - amulet of the acrobat
HPRegen 0.28/turn               C - ring of poison resistance
MPRegen 0.18/turn               I - ring of wizardry

@: weak-willed, flying, lightly drained
A: large, unfitting armour, tough skin 1
a: Renounce Religion


You were on level 8 of the Dungeon.
You worshipped Vehumet.
Vehumet was aware of your devotion.
You visited 2 branches of the dungeon, and saw 9 of its levels.

You collected 648 gold pieces.

Inventory:

Hand Weapons
 d - a +0 dagger
 v - a +1 dagger of flaming
 B - a +2 whip of flaming
 H - the +6 long sword of Donn (weapon) {freeze, rC+ Int+4}
   (You found it on level 5 of the Dungeon)

   It freezes those it strikes, dealing additional cold damage.
   It can also slow down cold-blooded creatures.
   Int:       It affects your intelligence (+4).
   rC:        It protects you from cold.
 K - a +0 giant spiked club
Missiles
 n - 24 poisoned darts
 M - 57 stones
 N - a throwing net
Armour
 a - the +0 cloak "Heje" (worn) {Stlth+}
   (You found it on level 4 of the Dungeon)

   Stlth:     It makes you more stealthy.
 b - a +0 robe
 A - a +2 robe of cold resistance (worn)
 D - a +2 cloak
Jewellery
 c - a ring of willpower
 C - a ring of poison resistance (left hand)
 G - an amulet of the acrobat (around neck)
 I - a ring of wizardry (right hand)
 L - a ring of see invisible
Wands
 z - a wand of digging (3)
 P - a wand of iceblast (4)
Scrolls
 h - 4 scrolls of magic mapping
 i - 3 scrolls of fear
 o - 8 scrolls of teleportation {unknown}
 q - a scroll of enchant armour {unknown}
 r - 3 scrolls of vulnerability {unknown}
 t - 3 scrolls of blinking {unknown}
 u - 3 scrolls of identify {unknown}
 w - a scroll of silence {unknown}
 y - a scroll of summoning {unknown}
 F - a scroll of noise {unknown}
 J - 5 scrolls of immolation {unknown}
Potions
 e - 3 potions of might {unknown}
 f - a potion of attraction {unknown}
 j - 2 potions of berserk rage {unknown}
 k - 2 potions of flight
 l - a potion of cancellation {unknown}
 m - a potion of brilliance {unknown}
 p - 4 potions of mutation {unknown}
 s - 3 potions of curing {unknown}
 x - 2 potions of heal wounds {unknown}
 E - 2 potions of degeneration {unknown}
 O - a potion of invisibility


   Skills:
 - Level 12.0 Fighting
 + Level 5.1 Dodging
 - Level 1.4 Stealth
 - Level 8.1 Spellcasting
 - Level 5.0 Conjurations
 - Level 0.8 Transmutations
 - Level 5.0 Earth Magic


You had 16 spell levels left.
You knew the following spells:

 Your Spells              Type           Power      Damage    Failure   Level
a - Sandblast             Erth           66%        2d15      1%          1
b - Stone Arrow           Conj/Erth      66%        3d11      1%          3
c - Fulminant Prism       Conj/Hex       10%        3d9       9%          4
d - Necrotize             Necr           36%        1d5       2%          1

Your spell library contained the following spells:

 Spells                   Type           Power      Damage    Failure   Level
 Foxfire                  Conj/Fire      84%        2x1d8     1%          1
 Beastly Appendage        Tmut           26%        N/A       1%          1
 Magic Dart               Conj           100%       1d8       1%          1
 Passwall                 Tmut/Erth      19%        N/A       1%          2
 Searing Ray              Conj           66%        2d6       1%          2
 Apportation              Tloc           18%        N/A       2%          1
 Summon Small Mammal      Summ           36%        N/A       2%          1
 Wereblood                Tmut           13%        N/A       2%          2
 Blink                    Tloc           18%        N/A       4%          2
 Call Imp                 Summ           9%         N/A       4%          2
 Poisonous Vapours        Pois/Air       18%        N/A       4%          2
 Mephitic Cloud           Conj/Pois/Air  17%        N/A       4%          3
 Spider Form              Tmut/Pois      11%        N/A       6%          3
 Petrify                  Tmut/Erth      23%        N/A       8%          4
 Corpse Rot               Necr/Pois/Air  9%         N/A       26%         4
 Disjunction              Tloc           4%         N/A       100%        8


Dungeon Overview and Level Annotations

Branches:
Dungeon (8/15)             Temple (1/1) D:6
   Lair: D:8-11

Altars:
Cheibriados
Dithmenos
Fedhas
Gozag
Kikubaaqudgha
Makhleb
Nemelex Xobeh
Qazlal
Ru
Vehumet
Wu Jian
Xom
Yredelemnul
Zin


Innate Abilities, Weirdness & Mutations

You are too large for most types of armour.
You have tough skin. (AC +1)


Message History

You hear a shout!
The stone arrow misses the phantasmal warrior.
The phantasmal warrior misses you.
A death knight comes into view. It is wielding a +0 great mace.
The stone arrow hits the phantasmal warrior.
The phantasmal warrior is lightly damaged.
A freezing wraith comes into view.
The phantasmal warrior hits you but does no damage.
The stone arrow misses the phantasmal warrior.
The phantasmal warrior closely misses you.
The death knight offers itself to Yredelemnul, and fills with unholy energy.
The stone arrow misses the phantasmal warrior.
The phantasmal warrior hits you!
The stone arrow misses the phantasmal warrior.
The phantasmal warrior hits you.
As you read the scroll labelled DOEDDO TOGRUYNK, it crumbles to dust.
You assume a fearsome visage.
The death knight resists with almost no effort.
The phantasmal warrior is unaffected.
The freezing wraith is unaffected. x2
It was a scroll of fear.
The freezing wraith hits you! The freezing wraith freezes you. You resist.
The freezing wraith hits you but does no damage.
The phantasmal warrior closely misses you.
As you read the scroll labelled LALAKHL LOACLYN, it crumbles to dust.
You feel aware of your surroundings.
You sensed 1 altar.
It was a scroll of magic mapping.
The freezing wraith hits you! The freezing wraith freezes you! You resist.
The freezing wraith misses you. The phantasmal warrior hits you.
* * * LOW HITPOINT WARNING * * *
Okay, then.
It was a potion of flight.
You feel very buoyant.
You fly up into the air.
The freezing wraith hits you.
* * * LOW HITPOINT WARNING * * *
The freezing wraith freezes you. You resist.
* * * LOW HITPOINT WARNING * * *
The freezing wraith hits you!
* * * LOW HITPOINT WARNING * * *
The phantasmal warrior hits you!!
You die...

##########....#.#.#.##..##..
####...#.#.#.......
##.............. ##.##..........
#.............
#####.....##......
##.....#.........#.
###....†.............
#...@W...............
#..W..........>......
***********#.p..................
*,,,,,,,,,*#W...................
*,,,,,,,,,................<.....
*,,,,,,,,.......................
*,,,,,,,..#..##.....#...........
*,,,,,,,..#.#*###.##..##....####
*******,,,,,,* *,,*,,....#..##..


You could see a death knight (reflects damage), a phantasmal warrior and 2
freezing wraiths.

Vanquished Creatures
  A two-headed ogre (D:7)
  Pikel (D:4)
  Psyche (D:8)
  Prince Ribbit (D:8)
  Sigmund (D:3)
  4 water moccasins
  An ice beast (D:5)
  3 black bears
  An ogre (D:5)
  Blork the orc (D:4)
  A kobold brigand (D:7)
  2 bullfrogs
  A gnoll sergeant (D:7)
  A necrophage (D:8)
  A scorpion (D:4)
  5 wights (D:8)
  5 killer bees (D:7)
  A howler monkey (D:6)
  A gnoll shaman (D:5)
  2 jellies
  5 hounds
  4 orc priests
  3 orc wizards
  4 iguanas
  19 gnolls
  7 adders
  2 shadow imps
  3 white imps
  A worm (D:2)
  4 dart slugs
  17 orcs
  9 ball pythons
  11 endoplasms
  3 giant cockroaches
  2 goblins
  14 hobgoblins
  6 jackals
  12 kobolds
  3 quokkas
  A bat (D:2)
  7 frilled lizards
  7 rats
179 creatures vanquished.

Vanquished Creatures (others)
  A fulminant prism (D:7)
  A fungus (D:6)
  2 plants (D:6)
4 creatures vanquished.

Grand Total: 183 creatures vanquished

Notes
Turn   | Place    | Note
-------+----------+-------------------------------------------
     0 | D:1      | Bruhh the Ogre Earth Elementalist began the quest for the
                  | Orb.
     0 | D:1      | Reached XP level 1. HP: 16/16 MP: 3/3
   186 | D:1      | Reached XP level 2. HP: 24/24 MP: 2/5
   464 | D:1      | Got the Disquisition on the Traveller
   700 | D:1      | Reached XP level 3. HP: 31/31 MP: 5/7
  1350 | D:2      | Found a faded altar of an unknown god.
  1538 | D:2      | Reached XP level 4. HP: 39/39 MP: 7/9
  1586 | D:2      | Found a shadowy altar of Dithmenos.
  2120 | D:3      | Found an opulent altar of Gozag.
  2121 | D:3      | Found a sacrificial altar of Ru.
  2213 | D:3      | Found a shimmering altar of Xom.
  2472 | D:3      | Noticed Sigmund
  2515 | D:4      | Learned a level 3 spell: Stone Arrow
  2518 | D:4      | Found a basalt altar of Yredelemnul.
  2640 | D:4      | Reached XP level 5. HP: 14/45 MP: 3/11
  3272 | D:4      | Noticed a lemure
  3272 | D:4      | Noticed a lemure
  3326 | D:4      | Noticed a lemure
  3642 | D:3      | Killed Sigmund
  3643 | D:3      | Reached skill level 5 in Spellcasting
  3643 | D:3      | Reached skill level 5 in Earth Magic
  3643 | D:3      | Reached XP level 6. HP: 40/53 MP: 2/13
  4103 | D:4      | Noticed Pikel
  4109 | D:4      | Killed Pikel
  4110 | D:4      | Reached skill level 5 in Conjurations
  4110 | D:4      | Reached XP level 7. HP: 31/59 MP: 0/15
  4110 | D:4      | Reached XP level 8. HP: 35/67 MP: 0/16
  4113 | D:4      | Noticed Blork the orc
  4367 | D:4      | Killed Blork the orc
  4556 | D:4      | Identified the +0 cloak "Heje" {Stlth+}
  4995 | D:4      | Found a sacrificial altar of Ru.
  5124 | D:5      | Entered Level 5 of the Dungeon
  5169 | D:5      | Found a shadowy altar of Dithmenos.
  5341 | D:5      | Reached skill level 2 in Fighting
  5526 | D:5      | Reached skill level 3 in Fighting
  5600 | D:5      | Reached skill level 4 in Fighting
  5652 | D:5      | Identified the +6 long sword of Donn {freeze, rC+ Int+4}
  5782 | D:5      | Reached skill level 5 in Fighting
  6102 | D:6      | Found a blossoming altar of Fedhas.
  6105 | D:6      | Found a stormy altar of Qazlal.
  6107 | D:6      | Reached XP level 9. HP: 89/89 MP: 21/21
  6124 | D:6      | Found a staircase to the Ecumenical Temple.
  6136 | D:6      | Reached skill level 6 in Fighting
  6148 | Temple   | Entered the Ecumenical Temple
  6350 | Temple   | Became a worshipper of Vehumet
  6649 | D:6      | Reached skill level 7 in Fighting
  7358 | D:6      | Reached skill level 8 in Fighting
  7716 | D:7      | Learned a level 4 spell: Fulminant Prism
  7788 | D:7      | Found a snail-covered altar of Cheibriados.
  7957 | D:7      | Reached skill level 9 in Fighting
  8009 | D:7      | Reached * piety under Vehumet
  8009 | D:7      | Offered knowledge of Foxfire by Vehumet.
  8300 | D:7      | Reached skill level 10 in Fighting
  8502 | D:7      | Noticed a two-headed ogre
  8511 | D:7      | Killed a two-headed ogre
  8512 | D:7      | Reached skill level 12 in Fighting
  8512 | D:7      | Reached XP level 10. HP: 74/115 MP: 22/22
  8514 | D:7      | Learned a level 1 spell: Necrotize
  9009 | D:8      | Noticed Prince Ribbit
  9013 | D:8      | Killed Prince Ribbit
  9635 | D:8      | Noticed Psyche
  9642 | D:8      | Killed Psyche
  9645 | D:8      | Reached skill level 5 in Dodging
  9811 | D:8      | Noticed a phantasmal warrior
  9814 | D:8      | Noticed a death knight
  9821 | D:8      | Demolished by a phantasmal warrior

Illustrated notes

Levels and vault maps discovered:
D:1:      giann_bridges, layout_rooms, solitary_fountain, dk_noncrumbling_2
D:2:      layout_rooms, basic_altar, shapermc_ecumenical_altar_starsandcircs,
          nicolae_elevator_lobby_asterisk
D:3:      layout_loops_ring, mainiacjoe_overflow_catwalk,
          gammafunk_temple_overflow_pools, minmay_close_crescents, uniq_sigmund
D:4:      minmay_opposing_rooms, layout_cave_pods, amcnicky_altar_gilded,
          serial_column_ruins, column_ruins_pillar_3, column_ruins_pillar_2,
          column_ruins_pillar_4, column_ruins_pillar_9, column_ruins_pillar_5,
          column_ruins_pillar_1, column_ruins_pillar_1, column_ruins_pillar_2,
          column_ruins_pillar_4, column_ruins_pillar_5, column_ruins_pillar_1,
          column_ruins_pillar_1, column_ruins_pillar_1, column_ruins_pillar_5,
          column_ruins_pillar_9, column_ruins_pillar_3, column_ruins_pillar_2,
          column_ruins_pillar_3, column_ruins_pillar_11, column_ruins_pillar_10,
          kennysheep_minor_cross, kennysheep_flooded_box,
          kennysheep_generic_room_5, uniq_pikel, uniq_blork_the_orc
D:5:      layout_rooms, lemuel_round_altar, minmay_crystal_room
D:6:      layout_loops_corners, grunt_temple_overflow_forces_of_nature,
          minmay_temple_entry_crystal_x, serial_bayou_crossing
D:7:      layout_loops_ring, lemuel_doored_altar
D:8:      layout_rooms, mainiacjoe_overflow_alcove_4, uniq_psyche,
          uniq_prince_ribbit1
Temple:   nicolae_temple_figure_zero

Skill      XL: |  1  2  3  4  5  6  7  8  9 10 |
---------------+-------------------------------+-----
Earth Magic    | 3 4 5 |  5.0
Spellcasting   | 3 4 5 8 |  8.1
Conjurations   | 2 5 |  5.0
Fighting       | 5 12 | 12.0
Dodging        | 5 |  5.1
Stealth        | |  1.4
Transmutations | |  0.8

Action                   |  1- 3 |  4- 6 |  7- 9 | 10-12 || total
-------------------------+-------+-------+-------+-------++-------
Melee: Unarmed           |    14 |       |       |       ||    14
       Dagger            |    34 |    17 |     1 |       ||    52
       Whip              |       |       |    26 |       ||    26
       Giant spiked club |       |       |    61 |       ||    61
       Long sword        |       |       |    19 |       ||    19
 Cast: Sandblast         |    46 |    71 |    15 |       ||   132
       Stone Arrow       |       |     7 |    93 |    35 ||   135
       Fulminant Prism   |       |       |     1 |       ||     1
  Use: Potion            |       |     1 |     1 |     2 ||     4
       Scroll            |       |       |       |     2 ||     2
 Stab: Distracted        |     1 |       |       |       ||     1
       Sleeping          |       |     1 |     2 |       ||     3
Armor: Robe              |    22 |    13 |    77 |     3 ||   115
Dodge: Dodged            |    39 |    27 |    98 |    15 ||   179

Table legend: (Time is in decaauts)
 A = Elapsed time spent in this place.
 B = Non-inter-level travel time spent in this place.
 C = Inter-level travel time spent in this place.
 D = Time resting spent in this place.
 E = Time spent auto-exploring this place.
 F = Levels seen in this place.
 G = Mean time per level.
                   A        B        C        D        E       F      G
               +--------+--------+--------+--------+--------+-----+--------+
         Total |   9853 |   9634 |    219 |    736 |   7491 |   9 | 1094.8 |
       Dungeon |   9623 |   9404 |    219 |    736 |   7297 |   8 | 1202.9 |
        Temple |    230 |    230 |      0 |      0 |    194 |   1 |  230.0 |
               +--------+--------+--------+--------+--------+-----+--------+

Top non-repeatable levels by time:
     D:3: 1781 daAuts
     D:4: 1486 daAuts
     D:7: 1439 daAuts
     D:6: 1423 daAuts
     D:1: 1234 daAuts
     D:5: 972 daAuts
     D:8: 676 daAuts
     D:2: 611 daAuts
  Temple: 230 daAuts
